 Dungeon Crawl Stone Soup version 0.29.1-2-gbd0b4ee654 (webtiles) character file.

Game seed: 4129964593737033367

494 hawla the Stinger (level 7, -2/75 HPs)
             Began as a Meteoran Fire Elementalist on Dec 1, 2022.
             Slain by an orc
             ... wielding a +0 mace
              (3 damage)
             ... on level 4 of the Dungeon.
             The game lasted 00:13:05 (1624 turns).

hawla the Stinger (Meteoran Fire Elementalist)      Turns: 1624, Time: 00:13:07

Health: -2/75      AC: 23    Str:  9 (11) XL:     7   Next: 65%
Magic:  3/13       EV:  2    Int: 17 (18) God:
Gold:   276        SH:  0    Dex: 13 (14) Spells: 6/13 levels left

rFire   . . .      SeeInvis .   o - staff of earth
rCold   . . .      Faith    .   (no shield)
rNeg    . . .      Spirit   .   (body armour currently unavailable)
rPois   +          Reflect  .   (helmet currently unavailable)
rElec   .          Harm     .   (cloak currently unavailable)
rCorr   +          Rampage  .   (gloves currently unavailable)
Will    .....      NoTele   +   (boots currently unavailable)
Stlth   +.........              (no amulet)
HPRegen 0.22/turn               f - ring of resist corrosion
MPRegen 0.13/turn               (no ring)

@: tree-form, glowing
A: stationary, stasis, torment immunity, boosted hp, sense surroundings 1,
otherworldly, glowing, explore regen
a: no special abilities


You were on level 4 of the Dungeon.
You were a tree.
You visited 2 branches of the dungeon, and saw 5 of its levels.
You also visited: Ossuary.

You collected 276 gold pieces.

Inventory:

Armour
 a - a +0 robe (melded)
 i - a +2 helmet (melded)
Magical Staves
 o - a staff of earth (weapon)
Jewellery
 f - a ring of resist corrosion (left branch)
Wands
 d - a wand of flame (21) (quivered)
Scrolls
 b - a scroll of enchant weapon
 e - 2 scrolls of fog
 j - 3 scrolls of identify
Potions
 c - a potion of brilliance
 g - 3 potions of curing
 h - a potion of flight
 l - a potion of degeneration


   Skills:
 - Level 2.9 Dodging
 - Level 1.4 Stealth
 - Level 3.9 Spellcasting
 - Level 1.5 Conjurations
 - Level 4.9 Fire Magic
 - Level 3.0 Air Magic
 - Level 5.8 Poison Magic
 + Level 1.5 Evocations


You had 6 spell levels left.
You knew the following spells:

 Your Spells              Type           Power      Damage    Failure   Level
a - Foxfire               Conj/Fire      56%        2x1d6     4%          1
b - Scorch                Fire           40%        2d7       3%          2
d - Olgreb's Toxic Radia  Pois           23%        N/A       14%         4

Your spell library contained the following spells:

 Spells                   Type           Power      Damage    Failure   Level
 Poisonous Vapours        Pois/Air       36%        N/A       3%          2
 Sting                    Tmut/Pois      52%        1d5       4%          1
 Conjure Flame            Conj/Fire      14%        6-21      13%         3
 Spider Form              Tmut/Pois      13%        N/A       14%         3
 Inner Flame              Hex/Fire       11%        N/A       17%         3
 Ensorcelled Hibernation  Hex/Ice        6%         N/A       24%         2
 Flame Wave               Conj/Fire      14%        2d6       38%         4
 Anguish                  Hex/Necr       1%         N/A       85%         4


Dungeon Overview and Level Annotations

Branches:
Dungeon (4/15) Zot: 1008   Temple (1/1) D:4 Zot: 559 Ossuary (visited)

Altars:
Ashenzari
Dithmenos
Elyvilon
Fedhas
Nemelex Xobeh
Okawaru
Qazlal
Sif Muna
Trog


Innate Abilities, Weirdness & Mutations

You are a tree.
Your roots penetrate the ground, keeping you stationary.
You cannot be teleported.
You are immune to unholy pain and torment.
Your maximum health is greatly increased.
Your equipment is partially melded.
You passively map a small area around you.
You are easily found by Zot.
You glow in the dark.
You regain HP and MP as you explore.


Message History

Cast which spell? (? or * to list)
You don't know that spell.
It was a potion of degeneration.
There was something very wrong with that liquid.
You feel weakened.
You feel dopey.
You feel clumsy.
The orc priest hits you but does no damage.
The orc hits you but does no damage.
It was a potion of cancellation.
Your magical effects are unravelling.
You feel magically purged.
You feel less wooden.
Your +2 helmet unmelds from your body.
Your +0 robe unmelds from your body.
You feel a little less mighty now. The orc priest completely misses you.
The orc barely misses you.
Okay, then.
Really quaff the potion of lignification?
You turn into a tree.
Your +2 helmet melds into your body.
Your +0 robe melds into your body.
Your roots penetrate the ground.
The orc priest hits you but does no damage.
The orc hits you with a +0 mace.
* * * LOW HITPOINT WARNING * * *
You hit the orc priest but do no damage.
The orc priest is lightly wounded.
The orc priest hits you but does no damage.
The orc hits you but does no damage.
You hit the orc priest but do no damage.
The orc priest is lightly wounded.
The orc priest hits you with a +0 club.
* * * LOW HITPOINT WARNING * * *
The orc hits you but does no damage.
You feel better.
The orc priest hits you but does no damage.
The orc hits you but does no damage.
You closely miss the orc priest.
The orc priest is lightly wounded.
The orc priest mumbles some strange prayers to Beogh against you.
Beogh smites you!
* * * LOW HITPOINT WARNING * * *
The orc hits you but does no damage. The orc hits you with a +0 mace.
You die...

, , * *, * * * ,, , #####.#
##ooo.(# * ##### ##### #.♣# *
#.... #...#######.### *
#####.... #.............# ,
#........ #....###)####.# *
*#.###...P #...####⌠.⌠.#.# #
#.###...P #..##.##....# #
#.##.##....P ##..8...#._..#,
##.......##.. #..†....#....#.#
#.. #<##....P
#.#.)(..#....#.###..##.....##P


You could see an orc priest and 2 orcs.

Vanquished Creatures
  Sigmund (D:2)
  A phantom (D:4)
  A scorpion (D:4)
  An orc priest (D:4)
  3 mummies (Ossuary)
  3 gnolls (D:2)
  2 adders
  3 adder zombies (Ossuary)
  2 dart slugs (D:1)
  3 orcs (D:4)
  A ball python (D:1)
  5 endoplasms
  3 giant cockroaches (D:1)
  5 goblins
  8 hobgoblins
  4 jackals (D:1)
  A kobold (D:1)
  3 quokkas
  3 bats
  3 frilled lizards
  2 goblin zombies (Ossuary)
  2 hobgoblin zombies (Ossuary)
  4 kobold zombies (Ossuary)
  3 quokka zombies (Ossuary)
  3 rats (D:2)
  4 rat zombies (Ossuary)
74 creatures vanquished.

Vanquished Creatures (others)
  92 foxfires
92 creatures vanquished.

Grand Total: 166 creatures vanquished

Notes
Turn   | Place    | Note
-------+----------+-------------------------------------------
     0 | D:1      | hawla the Meteoran Fire Elementalist began the quest for
                  | the Orb.
     0 | D:1      | Reached XP level 1. HP: 14/14 MP: 5/5
    57 | D:1      | Reached XP level 2. HP: 11/20 MP: 1/6
    60 | D:1      | Learned a level 2 spell: Scorch
   181 | D:1      | Reached XP level 3. HP: 24/26 MP: 2/8
   260 | D:2      | Noticed Sigmund
   546 | D:2      | Found a faded altar of an unknown god.
   570 | D:2      | Reached XP level 4. HP: 33/33 MP: 2/10
   592 | D:2      | Learned a level 2 spell: Poisonous Vapours
   669 | D:2      | Killed Sigmund
   670 | D:2      | Reached skill level 3 in Poison Magic
   670 | D:2      | Reached XP level 5. HP: 6/38 MP: 6/11
   670 | D:2      | Reached XP level 6. HP: 8/45 MP: 6/12
   711 | D:3      | Learned a level 4 spell: Olgreb's Toxic Radiance
   907 | D:4      | Found a sand-covered staircase.
   928 | Ossuary  | Entered an ossuary
   934 | Ossuary  | Reached skill level 4 in Poison Magic
  1069 | Ossuary  | Reached XP level 7. HP: 46/50 MP: 0/13
  1148 | D:4      | Reached skill level 5 in Poison Magic
  1428 | D:4      | Found a staircase to the Ecumenical Temple.
  1455 | Temple   | Entered the Ecumenical Temple
  1553 | D:4      | Found a broken altar of Ashenzari.
  1553 | D:4      | Found a blossoming altar of Fedhas.
  1616 | D:4      | Reached skill level 1 in Evocations
  1622 | D:4      | HP: 3/75 [orc priest/+0 club (3)]
  1624 | D:4      | HP: 1/75 [orc priest/divine providence (13)]
  1624 | D:4      | Slain by an orc

Illustrated notes

Levels and vault maps discovered:
D:1:      dpeg_arrival_water_temple_mockup, layout_loops_ring
D:2:      layout_rooms, ebering_ecumenical_altar_box, uniq_sigmund, uniq_terence
D:3:      layout_basic, serial_curves, eino_curves_03, eino_curves_02
D:4:      layout_loops_cross, jmf_multi_god_temple,
          minmay_temple_entry_stoned_glass, nicolae_ossuary_entry_monument,
          minmay_misc_feat_ornament, minmay_hedge_maze,
          kennysheep_generic_room_7
Temple:   nicolae_temple_little_seven

Skill      XL: |  1  2  3  4  5  6  7 |
---------------+----------------------+-----
Fire Magic     | 4 |  4.9
Spellcasting   | 3 |  3.9
Air Magic      | 3 |  3.0
Poison Magic   | 3 4 5 |  5.8
Evocations     | 1 |  1.5
Dodging        | |  2.9
Stealth        | |  1.4
Conjurations   | |  1.5

Action                   |  1- 3 |  4- 6 |  7- 9 || total
-------------------------+-------+-------+-------++-------
Melee: Unarmed           |    12 |    58 |    27 ||    97
       Staff             |       |       |    22 ||    22
       Punch             |       |       |     1 ||     1
 Cast: Foxfire           |    24 |    27 |     3 ||    54
       Scorch            |    17 |    16 |     9 ||    42
       Poisonous Vapours |       |     2 |     7 ||     9
       Olgreb's Toxic Ra |       |     1 |     5 ||     6
  Use: Potion            |     1 |     2 |     8 ||    11
       Scroll            |       |     5 |     1 ||     6
Armor: Robe              |     2 |    37 |    15 ||    54
       Skin              |       |       |    26 ||    26
Dodge: Dodged            |    18 |    59 |    29 ||   106
